 Dungeon Crawl Stone Soup version 0.21.0 (webtiles) character file.

94 Timinator the Insei (level 4, -2/34 HPs)
             Began as a Vampire Transmuter on Jan 27, 2018.
             Was an Initiate of Kikubaaqudgha.
             Slain by a gnoll
             ... wielding a +0 spear
              (10 damage)
             ... on level 2 of the Dungeon.
             The game lasted 00:14:20 (1632 turns).

Timinator the Insei (Vampire Transmuter)            Turns: 1632, Time: 00:14:28

Health: -2/34      AC:  2    Str:  9    XL:     4   Next: 38%
Magic:  6/7        EV: 13    Int: 15    God:    Kikubaaqudgha [......]
Gold:   118        SH:  0    Dex: 15    Spells: 6/7 levels left

rFire    . . .     SeeInvis +     - Unarmed
rCold    . . .     Gourm    .   (no shield)
rNeg     . . .     Faith    .   j - +0 robe
rPois    .         Spirit   .   (no helmet)
rElec    .         Reflect  .   (no cloak)
rCorr    .         Harm     .   (no gloves)
MR       .....                  (no boots)
Stlth    +.........             (no amulet)
HPRegen  0.31/turn              (no ring)
MPRegen  0.10/turn              (no ring)

@: appendage, regenerating quickly
A: fangs 3, horns 2, see invisible, unbreathing
a: End Transformation, Renounce Religion


You were on level 2 of the Dungeon.
You worshipped Kikubaaqudgha.
Kikubaaqudgha was noncommittal.
You were full.
You had grown temporary horns.
You visited 1 branch of the dungeon, and saw 2 of its levels.

You collected 118 gold pieces.

Inventory:

Armour
 j - a +0 robe (worn)
 k - a +0 pair of gloves
Jewellery
 l - an uncursed amulet of rage {unknown}
Scrolls
 b - a scroll of fear {unknown}
 e - a scroll of identify
 g - a scroll of magic mapping {unknown}
 i - a scroll of amnesia {unknown}
Potions
 a - 2 potions of flight
 d - 5 potions of blood
 f - a potion of magic
 h - 2 potions of curing
Books
 c - a book of Changes

   Spells                             Type                      Level
   a - Beastly Appendage              Transmutation                1
   b - Sticks to Snakes               Transmutation                2
   c - Spider Form                    Transmutation/Poison         3
   d - Ice Form                       Ice/Transmutation            4
   e - Blade Hands                    Transmutation                5


   Skills:
 * Level 2.3 Fighting
 * Level 3.1 Dodging
 * Level 3.8 Unarmed Combat
 + Level 2.2 Spellcasting
 * Level 2.8 Transmutations


You had 6 spell levels left.
You knew the following spells:

 Your Spells              Type           Power        Failure   Level  Hunger
a - Beastly Appendage     Tmut           ##....       7%          1    #......


Dungeon Overview and Level Annotations

Branches:
Dungeon (2/15)

Altars:
Kikubaaqudgha


Innate Abilities, Weirdness & Mutations

Your natural rate of healing is unusually fast.
You have razor-sharp teeth.
You have supernaturally acute eyesight. (SInv)
You can survive without breathing.
You have a pair of horns on your head.


Message History

The gnoll is moderately wounded.
The gnoll hits you from afar with a spear.
You closely miss the gnoll. You headbutt the gnoll.
The gnoll is moderately wounded.
The gnoll barely misses you.
The gnoll hits you from afar with a spear!
You hit the gnoll but do no damage. Your bite misses the gnoll.
The gnoll is moderately wounded.
The gnoll closely misses you. x2
You hit the gnoll but do no damage. Your bite misses the gnoll.
The gnoll is moderately wounded.
The gnoll barely misses you.
The gnoll hits you from afar with a spear.
You hit the gnoll but do no damage. You headbutt the gnoll. You bite the gnoll.
The gnoll is heavily wounded.
The gnoll hits you with a spear.
* * * LOW HITPOINT WARNING * * *
The gnoll hits you from afar with a spear!
You die...
Kikubaaqudgha rasps: "You have failed me!
Welcome... oblivion!"

#.._.........>...............
###.#........................
#......)...#.##############
##.........#...............
#.........#g####.####.####
#.......#.#.# +.'..#.#..'
##.......g#g# #.#..#.#..#
######.#g#.##+#.##'#.##'#
#..@#...............
.######.#.##+#.##'#.##'#
........#.# #.#..#.#..#
.######.#.# #.#..'.+..#
#....#.#.####.####.####
#......#...g.g.........
######.##################
............# #...
.######.###.# #.##


You could see 2 gnolls.

Vanquished Creatures
  2 gnolls (D:2)
  3 adders (D:2)
  2 oozes (D:1)
  A leopard gecko (D:1)
  A giant cockroach (D:2)
  2 hobgoblins (D:2)
  3 quokkas (D:2)
  A bat (D:1)
  5 frilled lizards
  9 goblins
  7 kobolds
  4 rats (D:1)
40 creatures vanquished.

Notes
Turn   | Place    | Note
-------+----------+-------------------------------------------
     0 | D:1      | Timinator the Vampire Transmuter began the quest for the Orb.
     0 | D:1      | Reached XP level 1. HP: 14/14 MP: 3/3
    31 | D:1      | Reached skill level 1 in Fighting
   173 | D:1      | Reached XP level 2. HP: 13/22 MP: 3/5
   604 | D:1      | Reached XP level 3. HP: 14/27 MP: 6/6
  1174 | D:2      | Found an ancient bone altar of Kikubaaqudgha.
  1183 | D:2      | Reached XP level 4. HP: 27/33 MP: 5/7
  1192 | D:2      | Became a worshipper of Kikubaaqudgha
  1632 | D:2      | Slain by a gnoll

Skill      XL: |  1  2  3  4 |
---------------+-------------+-----
Fighting       | 2 |  2.3
Dodging        | 3 |  3.1
Unarmed Combat | |  3.8
Spellcasting   | |  2.2
Transmutations | |  2.8

Action                   |  1- 3 |  4- 6 || total
-------------------------+-------+-------++-------
Melee: Unarmed           |   128 |    42 ||   170
       Kick              |     9 |       ||     9
       Punch             |     2 |       ||     2
       Bite              |     9 |     3 ||    12
       Headbutt          |       |     3 ||     3
 Cast: Beastly Appendage |     9 |     4 ||    13
  Use: Scroll            |     2 |     1 ||     3
       Potion            |     1 |       ||     1
 Stab: Sleeping          |     1 |       ||     1
  Eat: Corpse            |     7 |     1 ||     8
Armor: Robe              |    13 |     4 ||    17
Dodge: Dodged            |    92 |    37 ||   129
